 Dungeon Crawl Stone Soup version 0.29.1-1-gd02db6906a (webtiles) character file.

Game seed: 7126069955201037683

1002 gzilladon the Cleaver (level 8, -4/69 HPs)
             Began as a Hill Orc Monk on Sept 26, 2022.
             Was a Believer of Beogh.
             Slain by a gnoll sergeant
             ... wielding a +2 vampiric spear
              (11 damage)
             ... on level 6 of the Dungeon.
             The game lasted 00:16:35 (4005 turns).

gzilladon the Cleaver (Hill Orc Monk)               Turns: 4005, Time: 00:16:36

Health: -4/69      AC: 17    Str: 22    XL:     8   Next: 20%
Magic:  8/8        EV:  7    Int: 10    God:    Beogh [**....]
Gold:   259        SH:  0    Dex:  8    Spells: 7/7 levels left

rFire   + + .      SeeInvis .   a - +0 hand axe
rCold   + . .      Faith    .   (no shield)
rNeg    . . .      Spirit   .   B - +0 plate armour
rPois   .          Reflect  .   p - +0 helmet
rElec   +          Harm     .   c - scarf {rC+ rF+}
rCorr   .          Rampage  .   (no gloves)
Will    .....                   (no boots)
Stlth   ..........              z - amulet of Ryff {rElec rF+ Regen+ Dex-5}
HPRegen 1.01/turn               u - +4 ring of protection
MPRegen 0.11/turn               G - +6 ring of strength

@: brilliant
A: no striking features
a: Renounce Religion, Smiting


You were on level 6 of the Dungeon.
You worshipped Beogh.
Beogh was pleased with you.
You visited 1 branch of the dungeon, and saw 6 of its levels.

You collected 259 gold pieces.

Inventory:

Hand Weapons
 a - a +0 hand axe (weapon)
 m - a +0 morningstar
 y - the +6 dagger of the Known World {speed, Dex+3}
   (You found it on level 4 of the Dungeon)

   Attacks with this weapon are significantly faster.
   Dex:       It affects your dexterity (+3).
 I - a +0 giant club
 J - a +0 glaive
Missiles
 d - 22 stones (quivered)
 f - 2 throwing nets
 h - 6 poisoned darts
Armour
 b - a +0 robe
 c - a scarf of resistance (worn)
 i - a +0 scale mail
 k - the +7 Kryia's mail coat {PotionHeal*2 rC+}
   (You found it on level 3 of the Dungeon)

   Potions are twice as effective at healing its wearer.
   rC:        It protects you from cold.
 n - a +0 scale mail
 p - a +0 helmet (worn)
 B - a +0 plate armour (worn)
 E - a +2 leather armour of cold resistance
Jewellery
 u - a +4 ring of protection (left hand)
 z - the amulet of Ryff (around neck) {rElec rF+ Regen+ Dex-5}
   (You found it on level 5 of the Dungeon)

   [amulet of regeneration]

   Dex:       It affects your dexterity (-5).
   rF:        It protects you from fire.
   rElec:     It insulates you from electricity.
   Regen:     It increases your rate of health regeneration.
 G - a +6 ring of strength (right hand)
Wands
 K - a wand of flame (19)
Scrolls
 e - 2 scrolls of amnesia {unknown}
 o - a scroll of acquirement {unknown}
 q - 4 scrolls of identify {unknown}
 s - a scroll of brand weapon {unknown}
 x - 3 scrolls of teleportation {unknown}
 A - a scroll of blinking {unknown}
 D - a scroll of enchant weapon {unknown}
Potions
 g - a potion of magic
 j - 2 potions of brilliance
 l - a potion of degeneration {unknown}
 r - a potion of curing {unknown}
 t - a potion of haste {unknown}
 v - 2 potions of heal wounds {unknown}
 w - a potion of mutation {unknown}
 C - a potion of cancellation {unknown}
 F - a potion of attraction {unknown}
 H - a potion of might {unknown}


   Skills:
 + Level 5.6 Fighting
 * Level 9.5 Axes
 * Level 5.0 Armour
 + Level 3.1 Dodging
 - Level 1.5 Stealth


You had 7 spell levels left.
You didn't know any spells.
Your spell library was empty.

Dungeon Overview and Level Annotations

Branches:
Dungeon (6/15)             Temple (0/1) D:5

Altars:
Cheibriados
Elyvilon
Makhleb
Trog
Xom
Zin

Shops:
D:6 ::

Annotations:
D:5 Eustachio


Message History

The gnoll sergeant is lightly wounded.
The gnoll sergeant hits you with a +2 vampiric spear!
* * * LOW HITPOINT WARNING * * *
You hit the gnoll sergeant but do no damage.
The gnoll sergeant is lightly wounded.
The gnoll sergeant hits you but does no damage.
It was a potion of brilliance.
You feel clever all of a sudden. The gnoll sergeant barely misses you.
The gnoll sergeant blocks your attack.
The gnoll sergeant is lightly wounded.
The gnoll sergeant hits you with a +2 vampiric spear.
* * * LOW HITPOINT WARNING * * *
The gnoll sergeant blocks your attack.
The gnoll sergeant is lightly wounded.
You hit the gnoll sergeant but do no damage.
The gnoll sergeant is lightly wounded.
The gnoll sergeant hits you but does no damage.
You hit the gnoll sergeant but do no damage.
The gnoll sergeant is lightly wounded.
The gnoll sergeant barely misses you.
You hit the gnoll sergeant but do no damage.
The gnoll sergeant is lightly wounded.
The gnoll sergeant hits you with a +2 vampiric spear.
* * * LOW HITPOINT WARNING * * *
The gnoll sergeant draws strength from your wounds!
You barely miss the gnoll sergeant. The gnoll sergeant barely misses you.
The gnoll sergeant blocks your attack.
You barely miss the gnoll sergeant.
The gnoll sergeant hits you with a +2 vampiric spear.
* * * LOW HITPOINT WARNING * * *
The gnoll sergeant blocks your attack.
The gnoll sergeant hits you with a +2 vampiric spear.
* * * LOW HITPOINT WARNING * * *
The gnoll sergeant blocks your attack.
The gnoll sergeant hits you with a +2 vampiric spear.
* * * LOW HITPOINT WARNING * * *
It was a potion of magic.
Magic courses through your body.
The gnoll sergeant hits you with a +2 vampiric spear!
You die...

##################
#######...^....).)......
...............)@g......
######.#############.###
.....#.# # ####.#.# # #.#
#.# # #.# #.# # ... #.#
#############.###########
.........................


You could see a gnoll sergeant.

Vanquished Creatures
  A steam dragon (D:6)
  An ice beast (D:5)
  An ogre (D:6)
  A phantom (D:5)
  2 necrophages
  A howler monkey (D:6)
  2 jellies
  4 hounds
  A gnoll bouda (D:5)
  Terence (D:3)
  13 gnolls
  5 adders
  A worm (D:5)
  A dart slug (D:4)
  An orc (D:3)
  2 ball pythons (D:1)
  5 bats
  5 endoplasms
  2 giant cockroaches
  3 goblins
  2 hobgoblins
  3 quokkas
  A frilled lizard (D:1)
  6 kobolds
65 creatures vanquished.

Vanquished Creatures (others)
  An orc priest (D:5)
  2 gnolls (D:5)
  A plant (D:1)
4 creatures vanquished.

Grand Total: 69 creatures vanquished

Notes
Turn   | Place    | Note
-------+----------+-------------------------------------------
     0 | D:1      | gzilladon the Hill Orc Monk began the quest for the Orb.
     0 | D:1      | Reached XP level 1. HP: 19/19 MP: 1/1
   247 | D:1      | Reached XP level 2. HP: 17/27 MP: 2/2
   634 | D:3      | Reached XP level 3. HP: 15/34 MP: 3/3
  1000 | D:3      | Found the +7 Kryia's mail coat {PotionHeal*2 rC+}
  1146 | D:3      | Found a white marble altar of Elyvilon.
  1168 | D:3      | Noticed Terence
  1193 | D:3      | Killed Terence
  1377 | D:3      | Found a bloodstained altar of Trog.
  1377 | D:3      | Found a glowing silver altar of Zin.
  1404 | D:3      | Reached XP level 4. HP: 41/41 MP: 4/4
  1745 | D:4      | Reached skill level 5 in Axes
  1745 | D:4      | Reached skill level 1 in Armour
  1933 | D:4      | Reached XP level 5. HP: 41/47 MP: 5/5
  2142 | D:4      | Reached skill level 6 in Axes
  2142 | D:4      | Reached XP level 6. HP: 40/55 MP: 6/6
  2250 | D:4      | Found a burning altar of Makhleb.
  2255 | D:4      | Reached skill level 5 in Fighting
  2450 | D:4      | Identified the +6 dagger of the Known World {speed, Dex+3}
  2699 | D:5      | Entered Level 5 of the Dungeon
  2715 | D:5      | Found a staircase to the Ecumenical Temple.
  2716 | D:5      | Became a worshipper of Beogh the Brigand
  2716 | D:5      | Reached * piety under Beogh
  2716 | D:5      | Reached ** piety under Beogh
  2849 | D:5      | Identified the amulet of Ryff {rElec rF+ Regen+ Dex-5}
  2893 | D:5      | Reached skill level 7 in Axes
  2936 | D:5      | Noticed an ice beast
  2964 | D:5      | Killed an ice beast
  2965 | D:5      | Reached XP level 7. HP: 61/61 MP: 7/7
  3028 | D:5      | Found a shimmering altar of Xom.
  3190 | D:5      | Noticed Eustachio
  3544 | D:5      | Reached skill level 8 in Axes
  3545 | D:5      | Found a snail-covered altar of Cheibriados.
  3699 | D:6      | Found Wimuicy's Book Emporium.
  3700 | D:6      | Noticed a steam dragon
  3732 | D:6      | Killed a steam dragon
  3787 | D:6      | Found Ynegg's Book Shop.
  3812 | D:6      | Reached skill level 9 in Axes
  3825 | D:6      | Reached XP level 8. HP: 65/69 MP: 8/8
  3984 | D:6      | Reached skill level 5 in Armour
  4005 | D:6      | Slain by a gnoll sergeant

Illustrated notes

Levels and vault maps discovered:
D:1:      dpeg_arrival_tiny_g, layout_loops_cross,
          shapermc_ecumenical_altar_mp_urbaneastern
D:2:      wander_river, layout_loops_cross, uniq_crazy_yiuf_cottage, uniq_robin
D:3:      layout_loops_ring, mainiacjoe_overflow_alcove_4,
          gammafunk_temple_overflow_statue, grunt_decor_mini_mirrors,
          minmay_cupped, uniq_terence
D:4:      layout_loops_cross, makhleb_blood_cavern_becter,
          chequers_decorated_corner, nicolae_titane
D:5:      layout_rooms, mainiacjoe_overflow_concentric_impassable,
          marbit_many_paths, minmay_temple_entry_proselytizer, uniq_eustachio
D:6:      layout_rooms, lemuel_mausoleum_altar_yredelemnul, serial_shops,
          kennysheep_mini_moat, shop, shop, nicolae_lakefront_shop,
          nicolae_shop_waterfront, chequers_jeans, minmay_misc_feat_enclosed,
          roderic_lattice_a

Skill      XL: |  1  2  3  4  5  6  7  8 |
---------------+-------------------------+-----
Fighting       | 4 5 |  5.6
Axes           | 5 6 7 9 |  9.5
Armour         | 1 2 3 4 5 |  5.0
Dodging        | 3 |  3.1
Stealth        | |  1.5

Action                   |  1- 3 |  4- 6 |  7- 9 || total
-------------------------+-------+-------+-------++-------
Melee: Hand axe          |    96 |   207 |   159 ||   462
       Punch             |       |     3 |     3 ||     6
Invok: Convert to Beogh  |       |     1 |       ||     1
  Use: Potion            |       |       |     3 ||     3
Armor: Robe              |    31 |       |       ||    31
       Scale mail        |    23 |   123 |    20 ||   166
       Plate armour      |       |       |   122 ||   122
Dodge: Dodged            |    95 |   111 |    56 ||   262
